Map: Pylon LE

Players

ManlyManMeat

  • Race: Zerg Zerg
  • League: Diamond
  • Spawn Location: 11:00

Eric - Winner!

  • Race: Protoss Protoss
  • League: Diamond
  • Spawn Location: 5:00

VOD

Have the link to the VOD?

Description

Time

  • Played on: July 12, 2025, 5:25 p.m.
  • Length: 9:54
Show
View Real Time Build Order
Export as new Build Order

ManlyManMeat Zerg 

Build Orders: Hatch First 

Get SALT Encoding   

  12  0:00  Drone  
  13  0:08  Drone  
  14  0:14  Extractor  
  14  0:15  Drone  
  15  0:22  Overlord  
  15  0:41  Drone  
  16  0:47  Hatchery  
  16  0:49  Drone  
  16  0:54  Drone  
  17  0:57  Drone  
  18  1:08  Extractor  
  17  1:13  Spawning Pool  
  17  1:16  Drone  
  17  1:20  Drone  
  18  1:26  Drone  
  19  1:39  Drone  
  20  2:01  Zergling x4  
  22  2:02  Queen x2  
  22  2:03  Zergling x2  
  27  2:10  Metabolic Boost  
  27  2:13  Overlord  
  27  2:24  Drone  
  28  2:37  Hatchery  
  27  2:52  Drone x4  
  27  2:53  Overlord  
  31  3:07  Drone x3  
  34  3:14  Drone x3  
  34  3:19  Drone x2  
  39  3:26  Overlord  
  39  3:29  Overlord  
  39  3:38  Overlord  
  39  3:44  Lair  
  39  3:47  Drone x3  
  42  3:48  Overlord  
  42  3:50  Drone  
  43  4:01  Drone  
  43  4:02  Drone x4  
  48  4:07  Extractor  
  48  4:08  Baneling Nest  
  48  4:09  Drone  
  46  4:10  Drone  
  44  4:25  Spore Crawler  
  41  4:32  Spore Crawler  
  41  4:37  Spore Crawler  
  39  4:42  Drone x2  
  41  4:50  Drone x3  
  44  4:59  Queen  
  46  5:00  Queen  
  46  5:03  Centrifugal Hooks  
  46  5:05  Drone  
  46  5:06  Drone x2  
  51  5:10  Drone  
  51  5:11  Drone x2  
  51  5:12  Zergling x6, Extractor  
  56  5:26  Drone x2  
  56  5:28  Drone x3  
  59  5:30  Overlord x3  
  59  5:34  Overseer  
  60  5:36  Overseer  
  60  5:41  Zergling x8  
  64  5:51  Drone  
  64  5:53  Drone x3  
  68  6:03  Zergling x6  
  68  6:04  Zergling x2  
  70  6:15  Spire  
  70  6:17  Drone x3  
  70  6:18  Evolution Chamber  
  71  6:19  Evolution Chamber  
  71  6:24  Queen  
  72  6:29  Zergling x6  
  72  6:30  Zergling x14  
  81  6:43  Zerg Melee Weapons Level 1  
  81  6:49  Spine Crawler  
  81  6:50  Spine Crawler  
  81  6:51  Drone x3  
  81  6:52  Drone, Spine Crawler  
  81  6:54  Spine Crawler  
  81  6:55  Baneling  
  81  6:56  Spine Crawler, Baneling x5  
  81  7:00  Queen  
  73  7:32  Mutalisk  
  73  7:37  Drone x2  
  74  7:44  Spawning Pool  
  70  8:04  Baneling x10  
  59  8:37  Zergling x22  
  59  8:40  Zergling x32  
  59  8:41  Zergling x4  
  80  8:51  Zergling x2  
  79  8:56  Zergling x2  
  79  8:57  Zergling x6  
  83  9:08  Overlord  
  83  9:09  Overlord  
  83  9:18  Baneling x22  
Show
View Real Time Build Order
Export as new Build Order

Eric Protoss - Winner!

Build Orders: 1 Gate Expand 

Get SALT Encoding   

  12  0:01  Probe  
  13  0:19  Probe  
  14  0:22  Pylon  
  14  0:31  Probe  
  15  0:40  Probe  
  15  0:43  Gateway  
  15  0:48  Probe  
  16  0:53  Assimilator  
  17  0:57  Probe  
  18  1:12  Probe  
  19  1:24  Probe  
  20  1:31  Nexus  
  20  1:36  Cybernetics Core  
  20  1:38  Probe  
  20  1:46  Probe  
  21  1:51  Assimilator  
  21  1:54  Pylon  
  22  1:57  Probe  
  23  2:09  Stalker  
  23  2:12  Probe  
  26  2:17  Warp Gate  
  26  2:32  Adept  
  26  2:33  Gateway  
  26  2:37  Shield Battery  
  26  2:39  Probe  
  29  3:03  Adept  
  31  3:11  Probe  
  31  3:12  Probe  
  33  3:22  Probe  
  33  3:23  Adept  
  33  3:24  Probe  
  37  3:30  Probe  
  37  3:32  Probe  
  37  3:38  Probe  
  37  3:40  Probe  
  37  3:41  Stargate  
  39  3:42  Twilight Council  
  41  3:49  Probe  
  41  3:51  Probe  
  43  4:01  Probe  
  44  4:03  Probe  
  45  4:13  Probe  
  46  4:29  Probe  
  46  4:30  Charge  
  45  4:43  Probe  
  44  4:47  Assimilator  
  44  4:48  Assimilator  
  44  4:49  Pylon  
  44  4:54  Pylon  
  44  4:55  Pylon, Probe  
  44  4:57  Pylon  
  45  5:01  Probe  
  45  5:05  Pylon  
  45  5:06  Void Ray  
  46  5:07  Probe, Shield Battery  
  46  5:08  Robotics Facility  
  46  5:13  Probe  
  52  5:16  Gateway x2  
  52  5:19  Probe  
  52  5:20  Gateway x2, Adept x2  
  57  5:25  Probe  
  58  5:36  Gateway  
  58  5:38  Gateway  
  58  5:40  Gateway  
  58  5:41  Gateway  
  58  5:42  Gateway  
  58  5:44  Pylon  
  58  5:48  Zealot x2  
  62  5:57  Warp Prism  
  62  6:00  Probe  
  61  6:15  Nexus  
  61  6:17  Pylon  
  61  6:24  Zealot  
  61  6:25  Zealot x3  
  67  6:26  Zealot  
  67  6:30  Zealot  
  73  6:46  Pylon  
  73  6:59  Forge, Templar Archives  
  73  7:01  Pylon  
  63  7:26  Zealot  
  63  7:27  Zealot x9  
  63  7:28  Zealot  
  69  7:56  Zealot x3  
  69  7:57  Zealot x8  
  85  8:22  Zealot x2  
  85  8:23  Zealot x2  
  85  8:24  Zealot x5  
  85  8:26  High Templar  
  105  8:27  High Templar  
  105  8:32  Archon  
  89  8:59  High Templar x2  
  89  9:00  High Templar x2  
  89  9:01  High Templar x2  
  89  9:02  High Templar x2  
  103  9:03  High Templar x2  
  103  9:04  High Templar  
  103  9:05  Archon  
  103  9:06  Archon x3  
  103  9:09  Archon  
  109  9:17  Shield Battery  
  109  9:19  Probe  
  109  9:20  Probe  
  109  9:21  Probe  
  112  9:31  Probe  
  113  9:32  Probe  
  113  9:33  Probe  
  113  9:36  Adept x2  
  113  9:37  Zealot  
  113  9:38  Zealot x3  
Tags
 
Add a new tag
Caveats
  • Supply blocks, unpowered buildings, or Contaminate may cause inaccurate times.
  • Supply counts are checked every 10 seconds.